 Dungeon Crawl Stone Soup version 0.27.1-1-g398f81649c (webtiles) character file.

Game seed: 17956744877570950864

627 DearestLeader the Cleaver (level 7, -10/57 HPs)
             Began as a Minotaur Gladiator on Sept 15, 2021.
             Mangled by an orc warrior (15 damage)
             ... on level 5 of the Dungeon.
             The game lasted 00:07:26 (4590 turns).

DearestLeader the Cleaver (Minotaur Gladiator)      Turns: 4590, Time: 00:07:27

Health: -10/57     AC: 14    Str: 20    XL:     7   Next: 23%
Magic:  0/6        EV: 10    Int:  5    God:
Gold:   200        SH:  0    Dex: 12    Spells: 6/6 levels left

rFire    . . .     SeeInvis .   s - +0 morningstar (protect)
rCold    + . .     Faith    .   (no shield)
rNeg     . . .     Spirit   +   o - +0 scale mail
rPois    .         Reflect  .   c - +0 hat
rElec    .         Harm     .   (no cloak)
rCorr    .         Rampage  .   t - +0 pair of gloves
Will     .....                  (no boots)
Stlth    ..........             r - amulet of guardian spirit
HPRegen  0.19/turn              l - ring of protection from cold
MPRegen  0.10/turn              v - +4 ring of slaying

@: under a protective aura, hasted, very quick
A: horns 2, retaliatory headbutt
a: no special abilities


You were on level 5 of the Dungeon.
You visited 1 branch of the dungeon, and saw 6 of its levels.

You collected 200 gold pieces.

Inventory:

Hand Weapons
 a - a +0 war axe
 h - a +0 whip of electrocution
 s - a +0 morningstar of protection (weapon)
Missiles
 d - 3 throwing nets (quivered)
Armour
 b - a +0 leather armour
 c - a +0 hat (worn)
 o - a +0 scale mail (worn)
 t - a +0 pair of gloves (worn)
Magical Staves
 k - a staff of cold
Jewellery
 l - a ring of protection from cold (left hand)
 r - an amulet of guardian spirit (around neck)
 v - a +4 ring of slaying (right hand)
Wands
 u - a wand of paralysis (13)
Scrolls
 e - 3 scrolls of vulnerability {unknown}
 f - 9 scrolls of identify {unknown}
 g - a scroll of teleportation {unknown}
 n - a scroll of enchant armour {unknown}
 p - a scroll of torment {unknown}
Potions
 i - a potion of curing
 j - a potion of magic {unknown}
 q - a potion of cancellation {unknown}
 w - a potion of attraction {unknown}


   Skills:
 - Level 3.0 Fighting
 * Level 9.4 Axes
 - Level 2.0 Throwing
 + Level 2.9 Armour
 - Level 3.2 Dodging


You had 6 spell levels left.
You didn't know any spells.
Your spell library contained the following spells:

 Spells                   Type           Power      Damage    Failure   Level
 Corona                   Hex            0%         N/A       83%         1
 Magic Dart               Conj           0%         1d3       83%         1
 Call Imp                 Summ           0%         N/A       92%         2
 Ensorcelled Hibernation  Hex/Ice        0%         N/A       92%         2
 Mephitic Cloud           Conj/Pois/Air  0%         N/A       99%         3
 Spider Form              Tmut/Pois      0%         N/A       99%         3
 Summon Ice Beast         Ice/Summ       0%         N/A       100%        4
 Metabolic Englaciation   Hex/Ice        0%         N/A       100%        5
 Summon Mana Viper        Hex/Summ       0%         N/A       100%        5
 Yara's Violent Unravell  Hex/Tmut       0%         3d3       100%        5
 Shadow Creatures         Summ           N/A        N/A       100%        6
 Monstrous Menagerie      Summ           0%         N/A       100%        7


Dungeon Overview and Level Annotations

Branches:
Dungeon (6/15)
 Temple: D:4-7

Altars:
Hepliaklqana
Kikubaaqudgha
Wu Jian
Beogh

Shops:
D:2 ??:(*   D:3 [

Annotations:
D:3 3 runed translucent doors, makewrite's ghost, amateur MiAK


Innate Abilities, Weirdness & Mutations

You have a pair of horns on your head.
You reflexively headbutt those who attack you in melee.


Message History

The orc warrior is moderately wounded.
The orc warrior barely misses you.
You closely miss the orc warrior. You headbutt the orc warrior.
The orc warrior is moderately wounded.
The orc warrior closely misses you.
You hit the orc warrior but do no damage.
Your weapon exudes an aura of protection.
Your headbutt misses the orc warrior.
The orc warrior is moderately wounded.
The orc warrior hits you with a +1 scimitar of protection!
You hit the orc warrior but do no damage.
You headbutt the orc warrior, but do no damage.
The orc warrior is moderately wounded.
The orc warrior closely misses you.
The orc warrior hits you but does no damage.
You closely miss the orc warrior.
The orc warrior is moderately wounded.
The orc warrior hits you with a +1 scimitar of protection.
You hit the orc warrior but do no damage.
The orc warrior is moderately wounded.
The orc warrior hits you with a +1 scimitar of protection.
You barely miss the orc warrior. You headbutt the orc warrior!
The orc warrior is severely wounded.
The orc warrior hits you with a +1 scimitar of protection!
* * * LOW HITPOINT WARNING * * *
Unknown command.
You feel better.
The orc warrior hits you with a +1 scimitar of protection.
* * * LOW HITPOINT WARNING * * *
You feel yourself speed up.
The orc warrior hits you but does no damage.
You hit the orc warrior.
You headbutt the orc warrior, but do no damage.
The orc warrior is severely wounded.
The orc warrior hits you with a +1 scimitar of protection!
* * * LOW HITPOINT WARNING * * *
You closely miss the orc warrior.
The orc warrior is severely wounded.
The orc warrior hits you with a +1 scimitar of protection!
You die...

...##....##..........##....#
........##............#....##
............................#
............................##
..................)...<###...#
#......................[##...#
#>........#............####.##
.....#.##.#............# ###
.....####...##..@.....##
.....#####.....#o......#
......##.......###.....##
.....#..................#
.........##.............#
###.#..###........###..##
#..##..#####.......##.##
...##...###.......#####
#..##...#......#.##


You could see an orc warrior.

Vanquished Creatures
  A necrophage (D:5)
  2 phantoms (D:6)
  2 scorpions
  A centaur zombie (D:5)
  A hound (D:5)
  A bullfrog skeleton (D:5)
  An orc priest (D:5)
  An orc wizard (D:5)
  3 adders
  An adder skeleton (D:5)
  A worm (D:3)
  A dart slug (D:4)
  12 orcs (D:5)
  9 ball pythons
  4 bats
  3 endoplasms
  2 giant cockroaches
  8 goblins
  7 hobgoblins
  5 jackals (D:1)
  9 kobolds
  2 quokkas
  A frilled lizard (D:1)
  7 rats
85 creatures vanquished.

Vanquished Creatures (others)
  A plant (D:2)
1 creature vanquished.

Grand Total: 86 creatures vanquished

Notes
Turn   | Place    | Note
-------+----------+-------------------------------------------
     0 | D:1      | DearestLeader the Minotaur Gladiator began the quest for
                  | the Orb.
     0 | D:1      | Reached XP level 1. HP: 18/18 MP: 0/0
   150 | D:1      | Reached skill level 4 in Axes
   152 | D:1      | Reached XP level 2. HP: 19/25 MP: 1/1
   591 | D:1      | Reached XP level 3. HP: 31/31 MP: 2/2
   672 | D:2      | Reached skill level 5 in Axes
   760 | D:2      | Found Oggutice's General Store.
   782 | D:2      | Found a faded altar of an unknown god.
   878 | D:2      | Found Raenut's Magic Scroll Shoppe.
   884 | D:2      | Found Dyowip's Magic Scroll Emporium.
  1055 | D:2      | Found Ibleufam's Weapon Shop.
  1088 | D:2      | Found Huluy's Book Shoppe.
  1431 | D:3      | Found an ancient bone altar of Kikubaaqudgha.
  1487 | D:3      | Found Qeimneem's Armour Boutique.
  1577 | D:3      | Noticed a scorpion
  1594 | D:3      | Killed a scorpion
  1595 | D:3      | Reached skill level 6 in Axes
  1595 | D:3      | Reached XP level 4. HP: 19/38 MP: 3/3
  2066 | D:3      | Found a runed translucent gate.
  2069 | D:3      | Found a runed translucent gate.
  2069 | D:3      | Found a runed translucent gate.
  2070 | D:3      | Noticed makewrite's ghost (amateur MiAK)
  2215 | D:4      | Reached XP level 5. HP: 41/45 MP: 4/4
  2735 | D:4      | Reached skill level 7 in Axes
  2926 | D:4      | Found a hazy altar of Hepliaklqana.
  3245 | D:5      | Entered Level 5 of the Dungeon
  3248 | D:5      | Noticed a necrophage
  3264 | D:5      | Killed a necrophage
  3265 | D:5      | Reached skill level 8 in Axes
  3265 | D:5      | Reached XP level 6. HP: 10/51 MP: 5/5
  3865 | D:5      | Reached skill level 1 in Armour
  3935 | D:5      | Found an ornate altar of the Wu Jian Council.
  3951 | D:5      | Got Toiga's Tome of Captivating Transmutation
  4405 | D:6      | Reached skill level 9 in Axes
  4405 | D:6      | Reached XP level 7. HP: 43/57 MP: 2/6
  4590 | D:5      | Mangled by an orc warrior

Illustrated notes

Levels and vault maps discovered:
D:1:      zelgadis_glass_arrival_small, layout_basic
D:2:      layout_loops_ring, serial_forest, infiniplex_forest_lined_3,
          infiniplex_forest_end_2, infiniplex_forest_clump_small,
          infiniplex_forest_straight_3, serial_shops, nicolae_shop_stone, shop,
          shop, shop, nicolae_shop_behind_doors,
          dreamdust_ecumenical_altar_grove
D:3:      layout_rooms, nicolae_kikubaaqudgha_miasma_corner,
          biasface_ghost_orc_armoury, serial_shops, shop, palyth_stone_intersect
D:4:      layout_cave_pods, old_standard_altar
D:5:      layout_cave_pools, nzn_wu_jian_contemplation
D:6:      layout_gridville, minmay_splitting_lines

Skill      XL: |  1  2  3  4  5  6 |
---------------+-------------------+-----
Axes           | 4 6 8 9 |  9.4
Fighting       | 3 |  3.0
Armour         | 2 |  2.9
Throwing       | |  2.0
Dodging        | |  3.2

Action                   |  1- 3 |  4- 6 |  7- 9 || total
-------------------------+-------+-------+-------++-------
Melee: War axe           |    26 |       |       ||    26
       Headbutt          |     8 |    24 |     6 ||    38
       Whip              |    55 |    89 |       ||   144
       Morningstar       |       |    26 |    18 ||    44
  Use: Potion            |     1 |     1 |     2 ||     4
Armor: Leather armour    |    28 |     7 |       ||    35
       Scale mail        |       |    23 |     6 ||    29
Dodge: Dodged            |    47 |    56 |     7 ||   110
